 Dungeon Crawl Stone Soup version bcrawl-1.12.2 (webtiles) character file.

Game seed: 7385461080462213846

249 RedPan the Insei (level 5, -1/41 HPs)
             Began as a Demonspawn Monk on July 19, 2019.
             Slain by a gnoll
             ... wielding a +0 halberd
              (9 damage)
             ... on level 3 of the Dungeon.
             The game lasted 00:03:58 (1909 turns).

RedPan the Insei (Demonspawn Monk)                  Turns: 1909, Time: 00:03:58

Health: -1/41      AC:  8    Str: 11    XL:     5   Next: 87%
Magic:  0/7        EV: 14    Int: 12    God:
Gold:   202        SH:  4    Dex: 16    Spells: 4/4 levels left

rFire    . . .     SeeInvis .     - Unarmed
rCold    . . .     Gourm    .   k - +0 buckler
rNeg     . . .     Faith    .   a - +0 robe
rPois    .         Spirit   +   g - +2 hat
rElec    .         Reflect  .   (no cloak)
rCorr    .         Harm     .   (no gloves)
MR       .....                  l - +1 pair of boots
Stlth    ++........             c - amulet of guardian spirit
HPRegen  0.13/turn              (no ring)
MPRegen  0.10/turn              (no ring)

@: no status effects
A: claws 2, yellow scales 1
a: no special abilities


You were on level 3 of the Dungeon.
You were hungry.

You visited 1 branch of the dungeon, and saw 3 of its levels.

You collected 202 gold pieces.

Inventory:

Armour
 a - a +0 robe (worn)
 g - a +2 hat (worn)
 k - a +0 buckler (worn)
 l - a +1 pair of boots (worn)
Jewellery
 c - an amulet of guardian spirit (around neck)
Scrolls
 b - a scroll of teleportation
 i - 2 scrolls of magic mapping
Potions
 e - a potion of haste {unknown}
 h - a potion of lignification {unknown}
 j - 3 potions of degeneration {unknown}
 m - 2 potions of brilliance
 n - 2 potions of curing {unknown}
 o - a potion of mutation {unknown}
Comestibles
 d - 6 rations {!d}
 f - 3 chunks of flesh


   Skills:
 - Level 3.0 Fighting
 + Level 3.9 Dodging
 - Level 2.0 Stealth
 + Level 1.8 Shields
 * Level 4.9 Unarmed Combat
   Level 2.6 Invocations


You had 4 spell levels left.
You didn't know any spells.
Your spell library was empty.

Dungeon Overview and Level Annotations

Branches:
Dungeon (3/12)

Altars:


Innate Abilities, Weirdness & Mutations

You have very sharp fingernails.
You are partially covered in yellow scales. (AC +2)


Message History

The gnoll hits you from afar with a +0 halberd.
* * * LOW HITPOINT WARNING * * *
Your shield prevents you from hitting the gnoll.
The gnoll is severely wounded.
The gnoll barely misses you.
You scratch the gnoll.
The gnoll is almost dead.
The gnoll completely misses you. The gnoll barely misses you.
You scratch the gnoll.
The gnoll is almost dead.
The gnoll misses you. The gnoll closely misses you.
You scratch the gnoll.
You kill the gnoll!
You block the gnoll's attack. The gnoll barely misses you.
Things that are here:
a +0 club; a +0 whip You scratch the gnoll but do no damage.
You barely miss the gnoll. The gnoll hits you with a +0 halberd!
You die...

#.# ## #.# #.. ###.#######
##...# # #...[......
......
#.#######.#.##########...#
....................###..
###.#####.#.#.............
.....g..#.#.#.###....###..
.....g.g#@#.#.# #....###..
.....s..#g#.#.# #.........
.#..###.gg#.#.# #.........
##..#.#.# #.........
#..#.#.# ###....... ....
... ......... ##.##.###
####.####. ... .) .... ..
##. .. ##. ..


You could see 2 gnolls and a hobgoblin.

Vanquished Creatures
  A sky beast (D:3)
  An orc priest (D:3)
  An orc wizard (D:3)
  2 gnolls (D:3)
  An ooze (D:2)
  A worm (D:3)
  4 dart slugs
  4 leopard geckos
  6 orcs (D:3)
  3 bats
  3 giant cockroaches
  10 goblins
  4 hobgoblins
  5 jackals
  6 kobolds
  6 quokkas
  A ball python (D:1)
  3 frilled lizards
  8 rats
70 creatures vanquished.

Notes
Turn   | Place    | Note
-------+----------+-------------------------------------------
     0 | D:1      | RedPan the Demonspawn Monk began the quest for the Orb.
     0 | D:1      | Reached XP level 1. HP: 18/18 MP: 2/2
   162 | D:1      | Reached skill level 3 in Unarmed Combat
   174 | D:1      | Gained mutation: You are partially covered in yellow
                  | scales. (AC +2) [demonic ancestry]
   174 | D:1      | Reached XP level 2. HP: 17/24 MP: 2/4
   486 | D:1      | Gained mutation: You have sharp fingernails. [demonic
                  | ancestry]
   486 | D:1      | Reached XP level 3. HP: 28/29 MP: 5/5
  1214 | D:2      | Found a faded altar of an unknown god.
  1268 | D:2      | Reached XP level 4. HP: 35/35 MP: 6/6
  1282 | D:2      | Reached skill level 4 in Unarmed Combat
  1519 | D:3      | Noticed a sky beast
  1541 | D:3      | Killed a sky beast
  1541 | D:3      | Reached skill level 1 in Shields
  1541 | D:3      | Gained mutation: You have very sharp fingernails. [demonic
                  | ancestry]
  1541 | D:3      | Reached XP level 5. HP: 28/41 MP: 5/7
  1909 | D:3      | Slain by a gnoll

Skill      XL: |  1  2  3  4 |
---------------+-------------+-----
Unarmed Combat | 3 4 |  4.9
Dodging        | 3 |  3.9
Shields        | 1 |  1.8
Fighting       | |  3.0
Stealth        | |  2.0
Invocations    | |  2.6

Action                   |  1- 3 |  4- 6 || total
-------------------------+-------+-------++-------
Melee: Unarmed           |   162 |   100 ||   262
       Punch             |     3 |       ||     3
  Use: Scroll            |     5 |       ||     5
 Stab: Sleeping          |     9 |     2 ||    11
       Distracted        |     1 |       ||     1
  Eat: Chunk             |     1 |     2 ||     3
Armor: Robe              |    46 |    30 ||    76
Dodge: Dodged            |   116 |    47 ||   163
Block: Buckler           |     9 |     9 ||    18
